 Dungeon Crawl Stone Soup version 0.31-a0-691-g409c26aa35 (webtiles) character file.

Game seed: 1778939004789711550

172 qw the Shooter (level 5, -1/32 HPs)
             Began as a Gargoyle Hunter on Sept 6, 2023.
             Slain by Duvessa
             ... wielding a +0 rapier
              (3 damage)
             ... on level 4 of the Dungeon.
             The game lasted 00:00:55 (2561 turns).

qw the Shooter (Gargoyle Hunter)                    Turns: 2561, Time: 00:00:56

Health: -1/32      AC: 11    Str: 14    XL:     5   Next: 52%
Magic:  5/5        EV: 10    Int: 10    God:
Gold:   240        SH:  0    Dex: 15    Spells: 4/4 levels left

rFire   . . .        c - +0 orcbow
rCold   . . .        (shield currently unavailable)
rNeg    + . .        a - +0 ring mail
rPois   inf          j - +2 hat
rElec   +            (no cloak)
rCorr   .            (no gloves)
SInv    .            (no boots)
Will    +....        (no amulet)
Stlth   +            d - ring of willpower
HPRegen 0.25/turn    (no ring)
MPRegen 0.09/turn

%: no passive effects
@: no status effects
A: sickness immunity, AC +4, negative energy resistance 1, electricity
resistance, torment resistance 1, petrification resistance
a: no special abilities


You were on level 4 of the Dungeon.
You visited 1 branch of the dungeon, and saw 4 of its levels.

You collected 240 gold pieces.


Innate Abilities, Weirdness & Mutations

You are immune to sickness and miasma.
Your stone body is resilient. (AC +4)
You are immune to poison.
You resist negative energy. (rN+)
You are resistant to electric shocks. (rElec)
You are resistant to unholy torment.
You are immune to petrification.


   Skills:
 + Level 3.0 Fighting
 - Level 6.2 Ranged Weapons
 - Level 1.0 Armour
 - Level 1.5 Dodging
 - Level 1.1 Stealth


You had 4 spell levels left.
You didn't know any spells.
Your spell library was empty.

Inventory:

Hand Weapons
 c - a +0 orcbow (weapon)
Armour
 a - a +0 ring mail (worn)
 j - a +2 hat (worn)
Jewellery
 d - a ring of willpower (left hand)
 f - a ring of fire
Scrolls
 i - a scroll of identify
Potions
 b - a potion of heal wounds {unknown}
 e - a potion of enlightenment
 g - a potion of curing {unknown}
 h - a potion of haste

Dungeon Overview and Level Annotations

Branches:
Dungeon (4/15)             Temple (0/1) D:4

Altars:
Yredelemnul

Annotations:
D:3 3 runed translucent doors, qw's ghost, amateur GrHu
D:4 Duvessa


Message History

Found a basalt altar of Yredelemnul.
Dowan shouts!
You shoot an arrow. The arrow hits Dowan.
Dowan is moderately wounded.
Duvessa, Sister of Dowan comes into view.
She is wielding a +0 rapier.
Enter note:
2552 |||
Found retreat position at -2,-6 (floor) with 0 blocking monsters and 1 monsters attacking at destination at distance 6
Enter note:
2552 |||
Found retreat position at -2,-6 (floor) with 0 blocking monsters and 1 monsters attacking at destination at distance 6
2552 ||| RETREATING.
You shoot an arrow. The arrow hits Dowan.
Dowan is moderately wounded.
You shoot an arrow. The arrow hits Dowan.
Dowan is heavily wounded.
Enter note:
2555 |||
Found retreat position at -1,-5 (floor) with 0 blocking monsters and 1 monsters attacking at destination at distance 5
2555 ||| Stepping ~*~*~tactically~*~*~ (retreating).
Enter note: You shoot an arrow.
The arrow hits Dowan.
Dowan is almost dead.
Dowan casts a spell.
Dowan blinks!
You shoot an arrow. The arrow hits Dowan.
You kill Dowan!
You hear a distant scream of rage.
Duvessa hits you but does no damage.
Your Ranged Weapons skill increases to level 6!
You shoot an arrow.
The arrow hits Duvessa but does no damage.
Duvessa goes berserk!
Duvessa hits you with a +0 rapier. x2
You shoot an arrow.
The arrow hits Duvessa but does no damage.
Duvessa hits you with a +0 rapier. x2
You shoot an arrow. The arrow hits Duvessa.
Duvessa is lightly wounded.
Duvessa barely misses you. Duvessa hits you with a +0 rapier!
Ouch! That really hurt!
You shoot an arrow. The arrow barely misses Duvessa.
Duvessa hits you with a +0 rapier.
You die...

#.#.#.............
#.#.#...#......... #
#.#...............
#.#.#.#......#######
#.#.#.#......#
#.#.#.#......#
#.##............#
#........###+####
.>.#.)@#...#
#+..#.#e...#
.[....>...#.#
.....#.#....#
....#...#...#
..........###
.........#.
.......#. . ......e.
.#


You could see Duvessa (berserk).

Vanquished Creatures
  Dowan (D:4)
  3 gnolls (D:2)
  2 adders
  2 worms (D:2)
  3 dart slugs
  An orc (D:3)
  4 ball pythons (D:1)
  3 endoplasms
  3 giant cockroaches
  5 goblins
  5 hobgoblins
  7 jackals
  2 quokkas
  5 bats
  6 frilled lizards
  9 kobolds
  2 rats
63 creatures vanquished.

Notes
Turn   | Place    | Note
-------+----------+-------------------------------------------
     0 | D:1      | qw the Gargoyle Hunter began the quest for the Orb.
     0 | D:1      | Reached XP level 1. HP: 12/12 MP: 1/1
     0 | D:1      | 0 ||| qw: Version: 0.3-a-76-g4403597
     0 | D:1      | 0 ||| qw: Game counter: 36
     0 | D:1      | 0 ||| qw: Melee chars always use a shield: true
     0 | D:1      | 0 ||| qw: God list: Okawaru
     0 | D:1      | 0 ||| qw: Allow faded altars: false
     0 | D:1      | 0 ||| qw: Do Orc after clearing Dungeon:15 true
     0 | D:1      | 0 ||| qw: Do second Lair branch before Depths: true
     0 | D:1      | 0 ||| qw: Lair rune preference: random
     0 | D:1      | 0 ||| qw: Goals: Normal
     0 | D:1      | 0 ||| PLANNING D:1-11
   185 | D:1      | Reached XP level 2. HP: 15/17 MP: 2/2
   501 | D:1      | Reached XP level 3. HP: 16/21 MP: 3/3
   592 | D:1      | Reached skill level 5 in Ranged Weapons
   951 | D:1      | 951 ||| UPGRADING to ring of willpower.
   952 | D:1      | 952 ||| READING scroll labelled VOGROD WAAMEG.
   953 | D:1      | 953 ||| READING scroll labelled NYASKI OKABROPH.
   954 | D:1      | 954 ||| DRINKING 2 fizzy clear potions.
   955 | D:1      | 955 ||| DROPPING scroll of butterflies.
   956 | D:1      | 956 ||| DROPPING potion of magic.
   999 | D:2      | 999 ||| STAIRDANCE
  1149 | D:2      | Reached skill level 3 in Fighting
  1298 | D:2      | Reached XP level 4. HP: 28/28 MP: 4/4
  1868 | D:2      | 1868 ||| UPGRADING to +0 ring mail.
  1878 | D:2      | 1878 ||| UPGRADING to +0 helmet.
  1883 | D:2      | 1883 ||| DROPPING +0 leather armour.
  1884 | D:2      | 1884 ||| DRINKING 2 dark potions.
  1984 | D:3      | Reached XP level 5. HP: 31/32 MP: 5/5
  2058 | D:3      | Reached skill level 1 in Armour
  2115 | D:3      | 2115 ||| SWAPPING to +0 orcbow.
  2116 | D:3      | 2116 ||| DROPPING +0 shortbow.
  2350 | D:3      | Found a faded altar of an unknown god.
  2474 | D:3      | Found a runed translucent gate.
  2475 | D:3      | Found a runed translucent gate.
  2475 | D:3      | Found a runed translucent gate.
  2476 | D:3      | Noticed qw's ghost (amateur GrHu)
  2478 | D:3      | Identified the +1 dagger of Itinioda {venom, rPois rF+ rC+}
  2496 | D:3      | 2496 ||| UPGRADING to +2 hat.
  2506 | D:3      | 2506 ||| DROPPING +0 helmet.
  2507 | D:3      | 2507 ||| READING 2 scrolls of identify.
  2507 | D:3      | 2507 ||| IDENTIFYING glowing sapphire potion
  2517 | D:4      | 2517 ||| PLANNING OSSUARY
  2543 | D:4      | Found a staircase to the Ecumenical Temple.
  2550 | D:4      | Found a basalt altar of Yredelemnul.
  2550 | D:4      | Noticed Dowan
  2551 | D:4      | Noticed Duvessa
  2552 | D:4      | 2552 ||| RETREATING.
  2555 | D:4      | 2555 ||| Stepping ~*~*~tactically~*~*~ (retreating).
  2557 | D:4      | Killed Dowan
  2558 | D:4      | Reached skill level 6 in Ranged Weapons
  2560 | D:4      | HP: 1/32 [Duvessa/+0 rapier (17)]
  2561 | D:4      | Slain by Duvessa

Levels and vault maps discovered:
D:1:      dpeg_arrival_shrine, layout_basic, nicolae_hexahallways
D:2:      minmay_evil_eye, layout_basic
D:3:      layout_loops_cross, biasface_ghost_orc_armoury,
          ebering_ecumenical_altar_webs, kennysheep_generic_room_5
D:4:      layout_basic, grunt_temple_overflow_open,
          minmay_temple_entry_crystal_x, nicolae_ossuary_entry_catacombs,
          uniq_grinder, uniq_duvessa, uniq_pargi, uniq_sigmund

Skill      XL: |  1  2  3  4  5 |
---------------+----------------+-----
Ranged Weapons | 5 6 |  6.2
Fighting       | 3 |  3.0
Armour         | 1 |  1.0
Dodging        | |  1.5
Stealth        | |  1.1

Action                     |  1- 3 |  4- 6 || total
---------------------------+-------+-------++-------
   Fire: Shortbow          |   125 |    89 ||   214
         Orcbow            |       |    15 ||    15
    Use: Scroll            |     2 |     1 ||     3
         Potion            |     1 |     1 ||     2
 Armour: Leather armour    |    47 |     9 ||    56
         Ring mail         |       |    35 ||    35
  Dodge: Dodged            |    55 |    28 ||    83

Table legend:
 A = Non-vault XP
 B = Vault XP
 C = Vault XP percentage of total XP
 D = Non-vault monster count
 E = Vault monster count
 F = Vault count percentage of total count
                 A         B        C        D         E       F
            +---------+---------+-------+---------+---------+-------
      Total |     160 |      86 |  35.0 |      58 |       5 |   7.9
            +---------+---------+-------+---------+---------+-------
        D:1 |      48 |       0 |   0.0 |      28 |       0 |   0.0
        D:2 |     102 |       6 |   5.6 |      24 |       3 |  11.1
        D:3 |       8 |      13 |  61.9 |       5 |       1 |  16.7
        D:4 |       2 |      67 |  97.1 |       1 |       1 |  50.0
            +---------+---------+-------+---------+---------+-------
